[Event "ICC tourney 2354 (60 10)"]
[Site "Internet Chess Club"]
[Date "2021.01.30"]
[Round "2"]
[White "CoolBoy2020"]
[Black "bogglylogs"]
[Result "1-0"]
[ICCResult "Black resigns"]
[WhiteElo "2197"]
[BlackElo "1460"]
[Opening "French: Winawer, advance variation"]
[ECO "C18"]
[NIC "FR.11"]
[Time "13:06:23"]
[PlyCount "55"]
[TimeControl "3600+10"]

1. e4 e6 2. d4 d5 3. Nc3 Bb4 4. e5 c5 5. a3 Bxc3+ 6. bxc3 c4 7. Qg4 g6 8.
Bg5 Ne7 9. Bf6 Rg8 10. Ne2 Nd7 11. Qh4 h5 12. Bg5 b5 13. g3 Nb6 14. Bh3 Qc7
15. O-O Bb7 16. Rfe1 a5 17. Nf4 Na4 18. Re3 Bc8 19. Bf6 Nc6 20. Qg5 Rf8 21.
Rae1 b4 22. axb4 axb4 23. Nxd5 exd5 24. e6 fxe6 25. Qxg6+ Qf7 26. Rxe6+
Bxe6 27. Rxe6+ Ne7 28. Rxe7+ { Black resigns } 1-0

[Event "ICC tourney 2354 (60 10)"]
[Site "Internet Chess Club"]
[Date "2021.01.30"]
[Round "2"]
[White "alexandersoll"]
[Black "JackOliver"]
[Result "0-1"]
[ICCResult "White checkmated"]
[WhiteElo "798"]
[BlackElo "1461"]
[Opening "Nimzo-Indian: classical variation"]
[ECO "E32"]
[NIC "NI.24"]
[Time "13:06:25"]
[PlyCount "96"]
[TimeControl "3600+10"]

1. d4 Nf6 2. c4 e6 3. Nc3 Bb4 4. Qc2 b6 5. b3 Bb7 6. Nf3 O-O 7. Ne5 d6 8.
Nf3 Na6 9. a3 Bxc3+ 10. Qxc3 c5 11. dxc5 Nxc5 12. g3 Rb8 13. Bg2 a5 14. Bb2
e5 15. O-O a4 16. b4 Nb3 17. Rad1 Rc8 18. Nxe5 Bxg2 19. Kxg2 Qe7 20. Nf3
Qxe2 21. Rd5 Rxc4 22. Rd2 Nxd2 23. Qxd2 Qxd2 24. Nxd2 Rc2 25. Bxf6 Rxd2 26.
Bg5 Rd3 27. Be3 b5 28. Rc1 Rxa3 29. Bg5 f6 30. Be3 Rb3 31. Bd2 a3 32. Ra1
Ra8 33. Bc1 a2 34. Be3 Rb1 35. Rxa2 Rxa2 36. h4 Rxb4 37. Bf4 d5 38. Bd6 Rc4
39. h5 b4 40. Bf4 Rxf4 41. gxf4 b3 42. h6 b2 43. hxg7 Kxg7 44. f5 b1=Q 45.
Kg3 Ra3+ 46. Kg4 Qe4+ 47. Kh5 Qxf5+ 48. Kh4 Rh3# { White checkmated } 0-1

[Event "ICC tourney 2354 (60 10)"]
[Site "Internet Chess Club"]
[Date "2021.01.30"]
[Round "2"]
[White "andrew166"]
[Black "FabulousRocket"]
[Result "1-0"]
[ICCResult "Black checkmated"]
[WhiteElo "1525"]
[BlackElo "1101"]
[Opening "Scotch game"]
[ECO "C45"]
[NIC "SO.05"]
[Time "13:06:33"]
[PlyCount "103"]
[TimeControl "3600+10"]

1. e4 e5 2. Nf3 Nc6 3. d4 exd4 4. Nxd4 Bc5 5. Nxc6 Qf6 6. Qf3 Qxf3 7. gxf3
dxc6 8. Be3 Bxe3 9. fxe3 Be6 10. Nd2 Nf6 11. O-O-O O-O-O 12. Rg1 g6 13. Bc4
Bxc4 14. Nxc4 Rxd1+ 15. Rxd1 Rd8 16. Ne5 Rf8 17. c4 a6 18. Kc2 Ne8 19. f4
Nd6 20. Kd3 h5 21. c5 Ne8 22. h3 Ng7 23. Kc4 Ne6 24. h4 Ng7 25. Rd7 Ne6 26.
Rxf7 Rxf7 27. Nxf7 Nf8 28. Kd4 Kd7 29. f5 gxf5 30. exf5 Ke7 31. Ng5 Kf6 32.
Ke4 Nd7 33. Ne6 b6 34. b4 bxc5 35. bxc5 Kf7 36. Kf4 Kf6 37. e4 Ne5 38. Ng7
Nd3+ 39. Ke3 Nxc5 40. Nxh5+ Kf7 41. e5 Ke7 42. Kd4 Nd7 43. Nf4 Ke8 44. h5
Nf8 45. h6 Ke7 46. Ng6+ Nxg6 47. fxg6 Kf8 48. Kc5 Kg8 49. Kxc6 Kh8 50. e6
Kg8 51. e7 a5 52. e8=R# { Black checkmated } 1-0

[Event "ICC tourney 2354 (60 10)"]
[Site "Internet Chess Club"]
[Date "2021.01.30"]
[Round "2"]
[White "GeorgeBugayev"]
[Black "JoRDy2025"]
[Result "1-0"]
[ICCResult "Black resigns"]
[WhiteElo "1786"]
[BlackElo "1420"]
[Opening "Scotch: Schmidt variation"]
[ECO "C45"]
[NIC "SO.04"]
[Time "13:06:19"]
[PlyCount "115"]
[TimeControl "3600+10"]

1. e4 e5 2. Nf3 Nc6 3. d4 exd4 4. Nxd4 Nf6 5. Nc3 Bb4 6. Nxc6 bxc6 7. Bd3
O-O 8. O-O Re8 9. Qf3 d5 10. exd5 cxd5 11. h3 Be6 12. Bg5 h6 13. Bf4 Qd7
14. Bxh6 Bd6 15. Bg5 Be5 16. Rfe1 Bd4 17. Qf4 Bxc3 18. bxc3 Qd8 19. Qh4 Kf8
20. Qh8+ Ke7 21. Qxg7 Kd7 22. Qxf6 Qxf6 23. Bxf6 Rg8 24. Kf1 Rae8 25. Rab1
Rb8 26. Be5 Rxb1 27. Rxb1 Rg5 28. Bg3 Bf5 29. Bxf5+ Rxf5 30. Rb7 Ke8 31.
Rxc7 Rf6 32. Rxa7 Rb6 33. a4 Rb2 34. Be5 Rxc2 35. Bd4 Ra2 36. a5 Ra1+ 37.
Ke2 Ra2+ 38. Kd3 Ra1 39. a6 Kd8 40. Rb7 Rxa6 41. Rxf7 Rg6 42. g3 Rh6 43. h4
Ke8 44. Rb7 Rh5 45. f4 Rh6 46. Rg7 Kf8 47. f5 Rh5 48. Rg5 Rh7 49. h5 Kf7
50. Rg7+ Rxg7 51. Bxg7 Kxg7 52. Kd4 Kf6 53. Kxd5 Kxf5 54. c4 Kg5 55. c5
Kxh5 56. c6 Kg4 57. c7 Kxg3 58. c8=Q { Black resigns } 1-0

[Event "ICC tourney 2354 (60 10)"]
[Site "Internet Chess Club"]
[Date "2021.01.30"]
[Round "2"]
[White "ILoveChess11"]
[Black "KevKing"]
[Result "1-0"]
[ICCResult "Black resigns"]
[WhiteElo "1670"]
[BlackElo "1345"]
[Opening "Caro-Kann: exchange variation"]
[ECO "B13"]
[NIC "CK.02"]
[Time "13:06:28"]
[PlyCount "89"]
[TimeControl "3600+10"]

1. e4 c6 2. d4 d5 3. exd5 cxd5 4. Bd3 Nf6 5. h3 Nc6 6. c3 g6 7. Bf4 Bg7 8.
Nf3 O-O 9. O-O Bf5 10. Be2 Ne4 11. Nbd2 Rc8 12. a4 Re8 13. Re1 Qb6 14. Qb3
Nxd2 15. Nxd2 Qxb3 16. Nxb3 e5 17. dxe5 Nxe5 18. Nd4 Bd7 19. Bxe5 Bxe5 20.
Bf3 Bxd4 21. cxd4 Bc6 22. b3 a5 23. Rac1 Kg7 24. Kf1 Kg8 25. Rxe8+ Rxe8 26.
Rc5 Rd8 27. Rxa5 Kg7 28. Rc5 Kf6 29. Ke2 Rd6 30. a5 Re6+ 31. Kd2 Rd6 32. b4
Ke6 33. g3 f5 34. b5 Bd7 35. Be2 Kf6 36. Rc7 b6 37. a6 Be6 38. Rc6 Rd8 39.
Rxb6 Ra8 40. Rb7 h5 41. a7 Bc8 42. Rc7 Ke6 43. b6 Kd6 44. Rxc8 Rxc8 45. b7
{ Black resigns } 1-0

[Event "ICC tourney 2354 (60 10)"]
[Site "Internet Chess Club"]
[Date "2021.01.30"]
[Round "2"]
[White "CICyclones"]
[Black "NathanBolk"]
[Result "1-0"]
[ICCResult "Black checkmated"]
[WhiteElo "1552"]
[BlackElo "1167"]
[Opening "Sicilian defense"]
[ECO "B30"]
[NIC "SI.31"]
[Time "13:06:34"]
[PlyCount "75"]
[TimeControl "3600+10"]

1. e4 c5 2. Nf3 Nc6 3. Bc4 Nf6 4. d4 cxd4 5. Nxd4 Nxe4 6. Nf5 Qa5+ 7. Nd2
Qxf5 8. Nf3 Ne5 9. Be2 Nxf3+ 10. gxf3 Ng5 11. Rg1 h6 12. h4 Nh3 13. Rg4 Qc5
14. Be3 Qe5 15. Bf1 Qa5+ 16. b4 Qe5 17. Bxh3 d6 18. Re4 Qc3+ 19. Bd2 Qc6
20. Bf1 Bf5 21. Rc4 Qd7 22. Bd3 Qe6+ 23. Be3 b6 24. Rc7 Kd8 25. Rc6 Rc8 26.
Rxc8+ Qxc8 27. a4 Qe6 28. a5 bxa5 29. Rxa5 Qc8 30. Bxf5 Qc7 31. Rxa7 Qc3+
32. Kf1 Qc4+ 33. Kg1 Qxb4 34. Qd2 Qb1+ 35. Kg2 Qb5 36. Qd3 Qe5 37. Bb6+ Ke8
38. Ra8# { Black checkmated } 1-0

[Event "ICC tourney 2354 (60 10)"]
[Site "Internet Chess Club"]
[Date "2021.01.30"]
[Round "2"]
[White "ROYCHOI"]
[Black "Morganito"]
[Result "0-1"]
[ICCResult "White resigns"]
[WhiteElo "1417"]
[BlackElo "1805"]
[Opening "Sicilian: Kan, 5.Nc3"]
[ECO "B43"]
[NIC "SI.41"]
[Time "13:06:02"]
[PlyCount "65"]
[TimeControl "3600+10"]

1. e4 c5 2. Nf3 e6 3. d4 cxd4 4. Nxd4 a6 5. Nc3 Qc7 6. Bd3 b5 7. O-O Bb7 8.
Re1 Bc5 9. Nf3 d6 10. Be3 Nd7 11. a3 Ne7 12. b4 Bxe3 13. Rxe3 Qxc3 14. Qc1
Qc7 15. Qb2 e5 16. Nd2 Nb6 17. Rf3 Nc6 18. Rg3 O-O 19. c4 Na4 20. Qc2 Nd4
21. Qc1 Rac8 22. Ra2 bxc4 23. Nxc4 f6 24. h3 Nb6 25. Rg4 Nxc4 26. Bxc4+
Qxc4 27. Qh6 Qc1+ 28. Qxc1 Rxc1+ 29. Kh2 Rfc8 30. a4 R1c2 31. Rxc2 Rxc2 32.
f3 Nxf3+ 33. Kg3 { White resigns } 0-1

[Event "ICC tourney 2354 (60 10)"]
[Site "Internet Chess Club"]
[Date "2021.01.30"]
[Round "2"]
[White "JulianLoshak"]
[Black "therealkingkong"]
[Result "1/2-1/2"]
[ICCResult "Game drawn by repetition"]
[WhiteElo "1101"]
[BlackElo "1570"]
[Opening "French: Steinitz attack"]
[ECO "C00"]
[NIC "FR.01"]
[Time "13:06:34"]
[PlyCount "95"]
[TimeControl "3600+10"]

1. e4 e6 2. e5 b6 3. Nf3 d5 4. exd6 Bxd6 5. d4 Nf6 6. Bb5+ Bd7 7. Bd3 c5 8.
dxc5 Bxc5 9. O-O O-O 10. Nc3 Nc6 11. Bg5 h6 12. Bh4 Be7 13. Qd2 Qc7 14. Bg3
Qb7 15. Rfe1 Bb4 16. Bf4 Bxc3 17. bxc3 h5 18. Bh6 Ne7 19. Bxg7 Kxg7 20.
Qg5+ Ng6 21. Ne5 Be8 22. Re3 Ng4 23. Be4 Qe7 24. Qxe7 Nxe7 25. Bxa8 Nxe3
26. fxe3 Nf5 27. Re1 Kf6 28. Nf3 Ba4 29. e4 Rxa8 30. exf5 Kxf5 31. Nd4+ Kg6
32. Kf2 Rc8 33. Re3 Rc4 34. Kf3 Bc6+ 35. Kf4 Bd5 36. Ke5 Ra4 37. Rg3+ Kh6
38. Kf6 Rxa2 39. h4 Ra1 40. Nf3 Bxf3 41. gxf3 Rh1 42. Rg8 Kh7 43. Kxf7 Rxh4
44. Rg7+ Kh6 45. Rg6+ Kh7 46. Rg7+ Kh8 47. Rg8+ Kh7 48. Rg7+ { Game drawn
by repetition } 1/2-1/2

[Event "ICC tourney 2354 (60 10)"]
[Site "Internet Chess Club"]
[Date "2021.01.30"]
[Round "2"]
[White "Smartypants915"]
[Black "liud28"]
[Result "1-0"]
[ICCResult "Black checkmated"]
[WhiteElo "1505"]
[BlackElo "1060"]
[Opening "Queen's pawn game"]
[ECO "D00"]
[NIC "QP.08"]
[Time "13:06:24"]
[PlyCount "159"]
[TimeControl "3600+10"]

1. d4 d5 2. e3 c5 3. c3 Nc6 4. f4 e6 5. Bd3 c4 6. Bc2 g6 7. Nf3 Bg7 8. O-O
Nge7 9. Ne5 O-O 10. e4 f5 11. exf5 Nxf5 12. Qe2 Nxe5 13. fxe5 Qb6 14. Bxf5
exf5 15. Nd2 Re8 16. Nf3 Bd7 17. Kh1 h6 18. Qc2 Kh7 19. Nh4 Qd8 20. Qf2 Re6
21. Nf3 b5 22. a3 a5 23. Bd2 g5 24. g3 Bf8 25. Rae1 Rb6 26. Qg2 g4 27. Nh4
Qc8 28. Qf2 b4 29. cxb4 axb4 30. axb4 Bxb4 31. Bc3 Ra2 32. Qf4 Rxb2 33.
Bxb4 R2xb4 34. Nxf5 Bxf5 35. Qxf5+ Qxf5 36. Rxf5 Kg6 37. Rff1 Re6 38. Rc1
c3 39. Rxc3 Rxd4 40. Re3 Re4 41. Rxe4 dxe4 42. Rf4 Rxe5 43. Rxg4+ Kf5 44.
Rf4+ Kg5 45. Kg2 e3 46. Kf1 h5 47. Ke2 h4 48. Rxh4 Ra5 49. Kxe3 Ra3+ 50.
Kd2 Ra2+ 51. Kc3 Rg2 52. Kd3 Ra2 53. Ke3 Ra3+ 54. Ke2 Ra2+ 55. Kf3 Ra3+ 56.
Kg2 Ra2+ 57. Kh3 Ra3 58. Rg4+ Kh5 59. Rb4 Ra5 60. g4+ Kg5 61. Rb3 Re5 62.
Kg3 Ra5 63. h4+ Kh6 64. Rb6+ Kg7 65. h5 Ra3+ 66. Kh4 Ra1 67. Rg6+ Kh7 68.
Rf6 Kg7 69. Kg5 Ra5+ 70. Rf5 Ra6 71. h6+ Kh8 72. Rf6 Ra5+ 73. Kg6 Ra8 74.
h7 Rb8 75. g5 Rc8 76. Kh6 Rb8 77. g6 Rg8 78. g7+ Rxg7 79. Rf8+ Rg8 80.
Rxg8# { Black checkmated } 1-0

[Event "ICC tourney 2354 (60 10)"]
[Site "Internet Chess Club"]
[Date "2021.01.30"]
[Round "2"]
[White "riaanj"]
[Black "SamPozen"]
[Result "0-1"]
[ICCResult "White checkmated"]
[WhiteElo "960"]
[BlackElo "1293"]
[Opening "Sicilian: Alapin's variation (2.c3)"]
[ECO "B22"]
[NIC "SI.46"]
[Time "13:06:12"]
[PlyCount "74"]
[TimeControl "3600+10"]

1. e4 c5 2. c3 d6 3. d4 cxd4 4. cxd4 Nf6 5. Nc3 e6 6. Nf3 Be7 7. Bb5+ Bd7
8. Bxd7+ Qxd7 9. O-O O-O 10. Be3 Nc6 11. Qd2 Ng4 12. Bg5 h6 13. Bxe7 Qxe7
14. h3 Nf6 15. Nh2 e5 16. d5 Nd4 17. f4 Rac8 18. Nf3 Nxf3+ 19. Rxf3 Rc4 20.
Re1 exf4 21. Qxf4 Re8 22. Rfe3 Rb4 23. b3 Rc8 24. Qf5 Rc7 25. Rg3 Rd4 26.
Nb5 Rxd5 27. exd5 Qxe1+ 28. Kh2 Ne4 29. Rf3 Re7 30. Qc8+ Kh7 31. Qf8 Ng5
32. Rg3 Qe5 33. Qc8 Ne4 34. Qc2 Qxg3+ 35. Kh1 g6 36. Qb2 Nf2+ 37. Kg1 Re1#
{ White checkmated } 0-1

[Event "ICC tourney 2354 (60 10)"]
[Site "Internet Chess Club"]
[Date "2021.01.30"]
[Round "2"]
[White "LionsHansenW"]
[Black "MeeraBLab"]
[Result "0-1"]
[ICCResult "White checkmated"]
[WhiteElo "860"]
[BlackElo "1177"]
[Opening "Sicilian: closed"]
[ECO "B23"]
[NIC "SI.44"]
[Time "13:06:11"]
[PlyCount "84"]
[TimeControl "3600+10"]

1. e4 c5 2. Nc3 e6 3. Nf3 a6 4. Bc4 b5 5. Bd3 c4 6. Be2 Bb7 7. O-O Qc7 8.
d3 cxd3 9. Bxd3 d6 10. Bf4 Nc6 11. a3 Nf6 12. Re1 Be7 13. e5 Nd7 14. exd6
Bxd6 15. Bxd6 Qxd6 16. Ne4 Qc7 17. Bf1 O-O 18. Nh4 Nce5 19. f4 Nc6 20. Qg4
Ne7 21. Nf6+ Nxf6 22. Qg3 Qc5+ 23. Kh1 Nf5 24. Re5 Nxg3+ 25. hxg3 Qxc2 26.
Rae1 Ng4 27. Rg5 Nf6 28. Re2 Qd1 29. Kg1 Qd4+ 30. Kh1 Rac8 31. Nf3 Bxf3 32.
gxf3 Rc1 33. Kg2 Rfc8 34. Rge5 R1c2 35. g4 Rxe2+ 36. Bxe2 Rc2 37. g5 Nh5
38. b4 Nxf4+ 39. Kg3 Nxe2+ 40. Kg2 Qxe5 41. Kf2 Ng3+ 42. Kg1 Qe1# { White
checkmated } 0-1

[Event "ICC tourney 2354 (60 10)"]
[Site "Internet Chess Club"]
[Date "2021.01.30"]
[Round "2"]
[White "cherrychopper"]
[Black "rkanury1"]
[Result "0-1"]
[ICCResult "White checkmated"]
[WhiteElo "1380"]
[BlackElo "1672"]
[Opening "Sicilian: Alapin's variation (2.c3)"]
[ECO "B22"]
[NIC "SI.46"]
[Time "13:06:25"]
[PlyCount "112"]
[TimeControl "3600+10"]

1. e4 c5 2. c3 Nc6 3. d4 cxd4 4. cxd4 e6 5. Nf3 Nf6 6. Nc3 g6 7. Bg5 h6 8.
Bxf6 Qxf6 9. e5 Qd8 10. Ne4 Be7 11. Be2 d5 12. Nc3 Qb6 13. Qd2 Bd7 14. a4
Na5 15. Qc2 Nb3 16. Ra3 Bxa3 17. bxa3 Rc8 18. Qb2 Nxd4 19. Qxb6 Nxf3+ 20.
Bxf3 axb6 21. Ne2 Bxa4 22. O-O Bb5 23. Rb1 Bxe2 24. Bxe2 O-O 25. h4 Rc3 26.
h5 g5 27. Rb4 Rxa3 28. f4 gxf4 29. Rxf4 Re3 30. Rg4+ Kh8 31. Kf2 Rxe5 32.
Rf4 Rf5 33. Rxf5 exf5 34. Bd3 Rg8 35. Bxf5 Rg5 36. g4 Rxf5+ 37. gxf5 Kg7
38. Kf3 Kf6 39. Kf4 b5 40. Ke3 Kxf5 41. Kd4 b4 42. Kd3 b3 43. Kc3 d4+ 44.
Kxb3 Ke4 45. Kc2 Ke3 46. Kd1 Kd3 47. Kc1 Ke2 48. Kb1 d3 49. Ka1 d2 50. Kb1
d1=Q+ 51. Ka2 Qd3 52. Ka1 Kd2 53. Kb2 Qc3+ 54. Ka2 Qb4 55. Ka1 Kc2 56. Ka2
Qa4# { White checkmated } 0-1

[Event "ICC tourney 2354 (60 10)"]
[Site "Internet Chess Club"]
[Date "2021.01.30"]
[Round "2"]
[White "Jagaram"]
[Black "SAAaron"]
[Result "0-1"]
[ICCResult "White checkmated"]
[WhiteElo "1367"]
[BlackElo "1627"]
[Opening "Vienna gambit"]
[ECO "C29"]
[NIC "VG.04"]
[Time "13:06:09"]
[PlyCount "94"]
[TimeControl "3600+10"]

1. e4 e5 2. Nc3 Nf6 3. f4 exf4 4. Nf3 d6 5. d4 Nc6 6. Bxf4 Bg4 7. Bb5 a6 8.
Bxc6+ bxc6 9. O-O Be7 10. Qd3 O-O 11. Rad1 d5 12. Rd2 a5 13. Ne5 Bd7 14.
Qf3 Bb4 15. Bg5 Bxc3 16. Bxf6 Qxf6 17. Qxc3 Qd6 18. exd5 cxd5 19. Nxd7 Qxd7
20. Re2 Rfe8 21. Rfe1 Rxe2 22. Rxe2 Re8 23. Qe1 Rxe2 24. Qxe2 Qe6 25. Qxe6
fxe6 26. Kf2 Kf7 27. Ke3 Kf6 28. Kf4 h5 29. h4 a4 30. a3 g6 31. g3 c6 32.
c3 c5 33. dxc5 e5+ 34. Ke3 Ke6 35. c6 Kd6 36. c7 Kxc7 37. Kd3 Kc6 38. Ke3
Kc5 39. Kd3 e4+ 40. Kd2 Kc4 41. Kc2 e3 42. Kd1 Kd3 43. Ke1 e2 44. b4 axb3
45. a4 b2 46. Kf2 b1=Q 47. a5 Qf1# { White checkmated } 0-1

[Event "ICC tourney 2354 (60 10)"]
[Site "Internet Chess Club"]
[Date "2021.01.30"]
[Round "2"]
[White "stawad"]
[Black "thihansa"]
[Result "0-1"]
[ICCResult "White checkmated"]
[WhiteElo "876"]
[BlackElo "1231"]
[Opening "Queen's pawn, Mason variation"]
[ECO "D00"]
[NIC "QP.08"]
[Time "13:06:13"]
[PlyCount "110"]
[TimeControl "3600+10"]

1. d4 d5 2. Bf4 Nf6 3. e3 e6 4. Nf3 Be7 5. c4 c6 6. Bd3 O-O 7. Nbd2 Nbd7 8.
O-O b6 9. Ne5 Bb7 10. Bg5 h6 11. Bxh6 gxh6 12. Qf3 Kh8 13. Qh3 Ng8 14. Ng4
Kg7 15. f4 Ndf6 16. Rf3 Nxg4 17. Qxg4+ Kh8 18. Rg3 Bg5 19. fxg5 Qxg5 20.
Qxg5 hxg5 21. Rxg5 Nf6 22. Rg3 Rg8 23. Rh3+ Kg7 24. Rh7+ Nxh7 25. Rf1 f5
26. Rf3 Kf7 27. Rh3 Nf6 28. Nf3 Ng4 29. Rh7+ Rg7 30. Ng5+ Kg6 31. Rxg7+
Kxg7 32. Nxe6+ Kf6 33. cxd5 cxd5 34. Nf4 Nxe3 35. Kf2 Ng4+ 36. Kf3 Nxh2+
37. Kg3 Ng4 38. Kh3 Nf2+ 39. Kg3 Nxd3 40. Nxd3 Rg8+ 41. Kf3 Rg4 42. Ke3
Rxg2 43. Nf4 Rxb2 44. a3 Rb3+ 45. Kd2 Rxa3 46. Nd3 Kg5 47. Nb4 f4 48. Nd3
Ba6 49. Nb4 Bc4 50. Nc2 Rd3+ 51. Ke1 f3 52. Nb4 Rb3 53. Nc2 Rb2 54. Na3 f2+
55. Kd1 f1=Q# { White checkmated } 0-1

[Event "ICC tourney 2354 (60 10)"]
[Site "Internet Chess Club"]
[Date "2021.01.30"]
[Round "2"]
[White "coolhacker1234"]
[Black "bgl2011"]
[Result "1-0"]
[ICCResult "Black checkmated"]
[WhiteElo "1739"]
[BlackElo "1401"]
[Opening "Ruy Lopez: Anderssen variation"]
[ECO "C77"]
[NIC "RL.12"]
[Time "13:06:27"]
[PlyCount "125"]
[TimeControl "3600+10"]

1. e4 e5 2. Nf3 Nc6 3. Bb5 a6 4. Ba4 Nf6 5. d3 d6 6. c3 Be7 7. O-O O-O 8.
Nbd2 Bg4 9. Re1 b5 10. Bc2 Qd7 11. Nf1 b4 12. Ng3 bxc3 13. bxc3 Nh5 14. h3
Nxg3 15. hxg4 Qxg4 16. fxg3 Qxg3 17. Qe2 Nd8 18. Qf2 Qxf2+ 19. Kxf2 Ne6 20.
Be3 Rab8 21. Rab1 Rb5 22. Rxb5 axb5 23. Rb1 c6 24. d4 exd4 25. Nxd4 Nxd4
26. cxd4 Ra8 27. Bb3 c5 28. Bd5 Rb8 29. dxc5 dxc5 30. Bf4 Rb6 31. Ke2 b4
32. Kd3 Bf6 33. Be3 Rb5 34. Kc4 Ra5 35. Bxc5 Rxa2 36. Rxb4 Rc2+ 37. Kd3 Rb2
38. Ra4 Rb8 39. Ra7 Rd8 40. Ke2 Kh8 41. Rxf7 h6 42. Rf8+ Rxf8 43. Bxf8 Kh7
44. Bf7 Be5 45. Kd3 Kh8 46. Kc4 Kh7 47. Kd5 Bf6 48. e5 Bxe5 49. Kxe5 h5 50.
Bxh5 Kh8 51. Ke6 g5 52. Kf5 Kg8 53. Be7 g4 54. Bxg4 Kh8 55. Bh5 Kg8 56. g4
Kh8 57. g5 Kg8 58. g6 Kh8 59. Bf6+ Kg8 60. g7 Kh7 61. Bf7 Kh6 62. g8=R Kh7
63. Rh8# { Black checkmated } 1-0

[Event "ICC tourney 2354 (60 10)"]
[Site "Internet Chess Club"]
[Date "2021.01.30"]
[Round "2"]
[White "MYMChessWyatt"]
[Black "dontbliink"]
[Result "1-0"]
[ICCResult "Black checkmated"]
[WhiteElo "1289"]
[BlackElo "902"]
[Opening "Scotch gambit: Dubois-Réti defense"]
[ECO "C55"]
[NIC "KP.02"]
[Time "13:06:10"]
[PlyCount "87"]
[TimeControl "3600+10"]

1. e4 e5 2. Nf3 Nc6 3. Bc4 Nf6 4. d4 exd4 5. e5 Ne4 6. Nxd4 Nxe5 7. Bb3 Qf6
8. O-O Bc5 9. Be3 d6 10. Nb5 Qe7 11. Bxc5 dxc5 12. Re1 Bf5 13. f3 Rd8 14.
Qe2 c6 15. fxe4 Be6 16. Bxe6 fxe6 17. N5c3 O-O 18. Nd2 Qg5 19. Rad1 Rf7 20.
Qe3 Qg6 21. Qg3 Qf6 22. Rf1 Qh6 23. Qxe5 Rxf1+ 24. Nxf1 Rf8 25. Rd6 Kh8 26.
Ne2 Kg8 27. Qxe6+ Qxe6 28. Rxe6 Rd8 29. Ne3 Rd2 30. Nf4 Kf7 31. Re5 Kf6 32.
Rxc5 Rd4 33. e5+ Kg5 34. Ne6+ Kg6 35. Nxd4 Kf7 36. e6+ Ke7 37. Nef5+ Ke8
38. Nxg7+ Ke7 39. Ndf5+ Kf6 40. e7 Kg6 41. e8=Q+ Kf6 42. Qe7+ Kg6 43. Nh4+
Kh6 44. Qg5# { Black checkmated } 1-0

[Event "ICC tourney 2354 (60 10)"]
[Site "Internet Chess Club"]
[Date "2021.01.30"]
[Round "2"]
[White "che8642"]
[Black "arhanj"]
[Result "1-0"]
[ICCResult "Black resigns"]
[WhiteElo "1563"]
[BlackElo "1300"]
[Opening "Queen's pawn: Chigorin variation"]
[ECO "D00"]
[NIC "QP.08"]
[Time "13:06:54"]
[PlyCount "86"]
[TimeControl "3600+10"]

1. d4 d5 2. Nc3 Nf6 3. Bf4 c5 4. e3 Nc6 5. Nb5 e5 6. Bxe5 Nxe5 7. dxe5 Ng8
8. Qxd5 Qxd5 9. Nc7+ Kd8 10. Nxd5 Bd7 11. f4 Ne7 12. Nxe7 Bxe7 13. O-O-O
Kc7 14. Nf3 Rad8 15. Be2 a5 16. Rd2 a4 17. a3 b5 18. Rhd1 b4 19. axb4 cxb4
20. Nd4 a3 21. b3 Bc5 22. Rd3 Ra8 23. Kb1 Ra7 24. Ka2 Rc8 25. c3 Kb8 26.
Rc1 Rac7 27. c4 Rb7 28. Bf3 Rbc7 29. Bd5 Be8 30. Nf5 g6 31. Ng3 Bc6 32.
Bxc6 Rxc6 33. Ne4 R6c7 34. Nxc5 Rxc5 35. Rcd1 R5c7 36. Rd5 h5 37. Rb5+ Ka8
38. Rxb4 Rb8 39. Rxb8+ Kxb8 40. Kxa3 Rb7 41. b4 Ra7+ 42. Kb3 Kc7 43. b5 Kb6
{ Black resigns } 1-0

[Event "ICC tourney 2354 (60 10)"]
[Site "Internet Chess Club"]
[Date "2021.01.30"]
[Round "2"]
[White "SalmonEater"]
[Black "batmanthechamp"]
[Result "1-0"]
[ICCResult "Black checkmated"]
[WhiteElo "1932"]
[BlackElo "1434"]
[Opening "Dutch defense, Rubinstein variation"]
[ECO "A40"]
[NIC "QO.17"]
[Time "13:06:08"]
[PlyCount "135"]
[TimeControl "3600+10"]

1. d4 e6 2. c4 f5 3. Nc3 Nf6 4. Bg5 c6 5. Nf3 d5 6. cxd5 exd5 7. e3 Bd6 8.
Bd3 O-O 9. O-O Qe8 10. Bxf6 Rxf6 11. a3 Rh6 12. g3 Be6 13. b4 Nd7 14. b5
Nf6 15. bxc6 bxc6 16. Na4 Ne4 17. Qe2 Qg6 18. Rfc1 Rc8 19. Nb2 Bd7 20. a4
a5 21. Ne5 Bxe5 22. dxe5 Re8 23. f3 Ng5 24. f4 Ne4 25. Kg2 Rh4 26. Rh1 Rg4
27. Bxe4 fxe4 28. Kf1 Bf5 29. Rc1 h5 30. Rg1 h4 31. Qf2 h3 32. Qd2 Rb8 33.
Rc5 Rb3 34. Rxa5 Ra3 35. Rc5 Bc8 36. Ra5 Ra1+ 37. Nd1 Qf5 38. Ke1 g5 39.
Qc3 Rb1 40. Qxc6 Be6 41. Qe8+ Kg7 42. Ra7+ Qf7 43. Rxf7+ Bxf7 44. Qe7 Kg8
45. e6 Bh5 46. Qd8+ Kg7 47. Qxd5 Kh7 48. e7 Kg7 49. Qe5+ Kh7 50. Qxe4+ Bg6
51. e8=Q Bxe4 52. Qxe4+ Kg7 53. Qxb1 gxf4 54. exf4 Rg6 55. Qxg6+ Kxg6 56.
a5 Kf6 57. a6 Ke6 58. a7 Kf5 59. a8=Q Kg4 60. Kf2 Kf5 61. Ne3+ Kg6 62. Qc6+
Kf7 63. f5 Kg7 64. Nd5 Kf8 65. Qf6+ Kg8 66. Ne7+ Kh7 67. Qf7+ Kh6 68. Qg6#
{ Black checkmated } 1-0

[Event "ICC tourney 2354 (60 10)"]
[Site "Internet Chess Club"]
[Date "2021.01.30"]
[Round "2"]
[White "xiaoyiyi"]
[Black "Heliosis"]
[Result "1-0"]
[ICCResult "Black resigns"]
[WhiteElo "1422"]
[BlackElo "1913"]
[Opening "Vienna gambit: Paulsen attack"]
[ECO "C29"]
[NIC "VG.03"]
[Time "13:06:14"]
[PlyCount "59"]
[TimeControl "3600+10"]

1. e4 e5 2. Nc3 Nf6 3. f4 d5 4. fxe5 Nxe4 5. Qf3 Nc6 6. Bb5 Nxc3 7. bxc3
Be7 8. d4 a6 9. Bd3 Be6 10. Ne2 Bh4+ 11. Ng3 Qd7 12. O-O Bxg3 13. Qxg3
O-O-O 14. Rb1 h5 15. Qf2 Rdg8 16. Bg5 h4 17. Qe2 Nb8 18. Rb2 h3 19. g3 Bg4
20. Qf2 Rf8 21. Rfb1 b5 22. a4 c6 23. axb5 cxb5 24. c4 dxc4 25. Bxc4 Nc6
26. Bxb5 axb5 27. Rxb5 Qc7 28. d5 f6 29. exf6 gxf6 30. Bf4 { Black resigns
} 1-0

[Event "ICC tourney 2354 (60 10)"]
[Site "Internet Chess Club"]
[Date "2021.01.30"]
[Round "2"]
[White "Boyan0619"]
[Black "DanielA1926"]
[Result "1/2-1/2"]
[ICCResult "Game drawn by mutual agreement"]
[WhiteElo "1412"]
[BlackElo "1771"]
[Opening "Sicilian: Taimanov variation"]
[ECO "B48"]
[NIC "SI.39"]
[Time "13:06:33"]
[PlyCount "46"]
[TimeControl "3600+10"]

1. e4 c5 2. Nf3 e6 3. d4 cxd4 4. Nxd4 Nc6 5. Nc3 a6 6. Be3 Qc7 7. a3 Nf6 8.
f4 d5 9. e5 Nd7 10. Be2 Nxd4 11. Bxd4 b6 12. O-O Bc5 13. b4 Bxd4+ 14. Qxd4
O-O 15. Bd3 Bb7 16. Rae1 Rac8 17. Nd1 g6 18. Rf3 a5 19. Bb5 Bc6 20. Rc3 Qb7
21. Bxc6 Rxc6 22. Rxc6 Qxc6 23. c3 axb4 { Game drawn by mutual agreement }
1/2-1/2

[Event "ICC tourney 2354 (60 10)"]
[Site "Internet Chess Club"]
[Date "2021.01.30"]
[Round "2"]
[White "vihaan2011"]
[Black "pinkjam82"]
[Result "0-1"]
[ICCResult "White checkmated"]
[WhiteElo "1307"]
[BlackElo "1588"]
[Opening "Sicilian: accelerated fianchetto, modern variation"]
[ECO "B34"]
[NIC "SI.33"]
[Time "13:06:15"]
[PlyCount "122"]
[TimeControl "3600+10"]

1. e4 c5 2. Nf3 Nc6 3. d4 cxd4 4. Nxd4 g6 5. Nc3 Bg7 6. Be3 Nf6 7. f3 O-O
8. Nxc6 bxc6 9. Bc4 Bb7 10. O-O d5 11. exd5 cxd5 12. Bb3 e6 13. Bc5 Re8 14.
Ba4 Nd7 15. Ba3 Be5 16. Kh1 Qh4 17. f4 Bxc3 18. Bxd7 Red8 19. Bxe6 fxe6 20.
bxc3 d4 21. cxd4 Qh3 22. Qe2 Qxa3 23. Qxe6+ Kg7 24. Qe5+ Kf7 25. f5 Qd6 26.
fxg6+ Kxg6 27. Qf5+ Kh6 28. Rf4 Bxg2+ 29. Kxg2 Rg8+ 30. Kf2 Rgf8 31. Qh3+
Kg7 32. Rg1+ Kh8 33. Rxf8+ Rxf8+ 34. Ke2 Re8+ 35. Kd3 Qa3+ 36. c3 Qa6+ 37.
Kd2 Qxa2+ 38. Kd1 Qb1+ 39. Kd2 Qxg1 40. Qg3 Qxg3 41. hxg3 Rb8 42. d5 a5 43.
d6 a4 44. d7 a3 45. Kc2 Kg7 46. c4 a2 47. d8=Q Rxd8 48. Kb2 Ra8 49. Ka1 Kf7
50. g4 Ke6 51. g5 Kd6 52. g6 hxg6 53. c5+ Kxc5 54. Kb2 a1=Q+ 55. Kb3 Ra3+
56. Kc2 Rc3+ 57. Kd2 Qc1+ 58. Ke2 Re3+ 59. Kf2 Qe1+ 60. Kg2 Rg3+ 61. Kh2
Qg1# { White checkmated } 0-1